 Dungeon Crawl Stone Soup version 0.30-a0-738-g116ff8c4af (webtiles) character file.

Game seed: 11749362770645348982

16394 Wolfram the Thaumaturge (level 12, -2/72 HPs)
             Began as a Deep Elf Conjurer on Feb 3, 2023.
             Was an Elder of Vehumet.
             Slain by a tengu warrior
             ... wielding a +2 great sword
              (4 damage)
             ... on level 13 of the Dungeon.
             The game lasted 00:43:07 (16150 turns).

Wolfram the Thaumaturge (Deep Elf Conjurer)        Turns: 16150, Time: 00:43:07

Health: -2/72      AC:  8    Str:  4    XL:     12   Next: 9%
Magic:  10/31      EV: 21    Int: 35    God:    Vehumet [****..]
Gold:   728        SH: 10    Dex: 13    Spells: 23/38 levels left

rFire   . . .      SeeInvis .    a - staff of conjuration
rCold   + . .      Faith    .    L - +0 buckler
rNeg    . . .      Spirit   .    H - +2 robe {rC+}
rPois   .          Reflect  +    u - +2 helmet
rElec   .          Harm     .    (no cloak)
rCorr   .          Rampage  .    (no gloves)
Will    +....                    T - +0 pair of boots
Stlth   ++                       Q - amulet of reflection
HPRegen 0.32/turn                F - +5 ring of evasion
MPRegen 0.22/turn                o - +6 ring of intelligence

@: no status effects
A: no striking features
a: Renounce Religion


You were on level 13 of the Dungeon.
You worshipped Vehumet.
Vehumet was greatly pleased with you.
You visited 3 branches of the dungeon, and saw 15 of its levels.
You also visited: Ossuary.

You collected 854 gold pieces.
You spent 126 gold pieces at shops.

Inventory:

Missiles
 c - 72 stones
 p - 16 poisoned darts
 s - 6 silver boomerangs
 A - 5 boomerangs
 G - 4 throwing nets {!f}
Armour
 u - a +2 helmet (worn)
 H - a +2 robe of cold resistance (worn)
 L - a +0 buckler (worn)
 T - a +0 pair of boots (worn)
Magical Staves
 a - a staff of conjuration (weapon)
 b - a staff of fire
Jewellery
 g - a ring of poison resistance
 o - a +6 ring of intelligence (right hand)
 F - a +5 ring of evasion (left hand)
 Q - an amulet of reflection (around neck)
 R - a ring of resist corrosion
 U - the ring of Pooforil {Fly rF+}
   (You found it on level 12 of the Dungeon)

   [ring of protection from fire]

   rF:        It protects you from fire.
   Fly:       It grants you flight.
Wands
 d - a wand of mindburst (5)
 f - a wand of flame (16)
 i - a wand of iceblast (13)
 E - a wand of charming (8)
 N - a wand of digging (3)
 V - a wand of light (5)
Scrolls
 j - 4 scrolls of blinking
 n - a scroll of silence
 r - a scroll of fear {unknown}
 t - 6 scrolls of teleportation
 v - a scroll of vulnerability {unknown}
 w - a scroll of fog
 z - 2 scrolls of poison
 B - a scroll of brand weapon {unknown}
 C - a scroll of summoning {unknown}
 O - a scroll of amnesia {unknown}
 P - a scroll of immolation
 W - a scroll of identify
Potions
 e - 5 potions of invisibility
 h - 4 potions of heal wounds
 k - 3 potions of haste
 l - 3 potions of curing
 q - 7 potions of ambrosia
 x - 3 potions of mutation
 I - 4 potions of lignification
 J - 3 potions of might
 K - 2 potions of flight
 M - a potion of resistance
 S - 3 potions of brilliance
 X - 2 potions of magic


   Skills:
 + Level 7.3 Fighting
 - Level 10.0 Dodging
 - Level 2.4 Stealth
 - Level 5.0 Shields
 + Level 13.8 Spellcasting
 + Level 12.3 Conjurations


You had 23 spell levels left.
You knew the following spells:

 Your Spells              Type           Power      Damage    Failure   Level
a - Magic Dart            Conj           100%       1d8       0%          1
b - Searing Ray           Conj           100%       2d8       0%          2
c - Fulminant Prism       Conj/Hex       39%        3d18      1%          4
d - Iskenderun's Mystic   Conj/Tloc      79%        2d16      1%          4
e - Dazzling Flash        Conj/Hex       100%       N/A       1%          3
f - Apportation           Tloc           48%        N/A       2%          1

Your spell library contained the following spells:

 Spells                   Type           Power      Damage    Failure   Level
 Flame Wave               Conj/Fire      79%        2d17      1%          4
 Foxfire                  Conj/Fire      100%       2x1d9     1%          1
 Sandblast                Erth           48%        2d12      1%          1
 Poisonous Vapours        Pois/Air       48%        N/A       1%          2
 Frozen Ramparts          Ice            48%        1d8       1%          3
 Mephitic Cloud           Conj/Pois/Air  68%        N/A       1%          3
 Stone Arrow              Conj/Erth      100%       3d13      1%          3
 Fireball                 Conj/Fire      39%        3d16      1%          5
 Necrotise                Necr           96%        1d8       2%          1
 Summon Small Mammal      Summ           96%        N/A       2%          1
 Call Imp                 Summ           24%        N/A       3%          2
 Cigotuvi's Dreadful Rot  Necr/Pois/Air  48%        N/A       3%          2
 Passwall                 Tmut/Erth      20%        N/A       3%          2
 Call Canine Familiar     Summ           24%        N/A       6%          3
 Ozocubu's Armour         Ice            24%        N/A       6%          3
 Portal Projectile        Hex/Tloc       48%        N/A       6%          3
 Starburst                Conj/Fire      39%        6d11      7%          6
 Cause Fear               Hex            12%        N/A       22%         4
 Ice Form                 Ice/Tmut       24%        N/A       22%         4
 Leda's Liquefaction      Hex/Erth       12%        N/A       22%         4
 Summon Ice Beast         Ice/Summ       24%        N/A       22%         4
 Metabolic Englaciation   Hex/Ice        12%        N/A       52%         5
 Summon Forest            Summ/Tloc      12%        N/A       52%         5
 Summon Mana Viper        Hex/Summ       24%        N/A       52%         5
 Simulacrum               Ice/Necr       12%        N/A       97%         6
 Summon Cactus Giant      Summ           12%        N/A       97%         6
 Dragon Form              Tmut           12%        N/A       100%        7
 Dragon's Call            Summ           12%        N/A       100%        9


Dungeon Overview and Level Annotations

Branches:
Dungeon (13/15)            Temple (1/1) D:4            Lair (1/5) D:11
    Orc (0/2) D:11        Ossuary (visited)
 Vaults: D:13-14

Altars:
Ashenzari
Cheibriados
Dithmenos
Elyvilon
Fedhas
Gozag
Hepliaklqana
Kikubaaqudgha
Makhleb
Nemelex Xobeh
Okawaru
Qazlal
Ru
Sif Muna
Trog
Uskayaw
Vehumet
Wu Jian
Xom
Yredelemnul
Zin
The Shining One

Shops:
D:6 [   D:9 (   D:10 [

Annotations:
D:6 exclusions: black bear and ufetubus, Edmund
D:12 4 runed translucent doors
D:13 exclusions: tengu warrior and two-headed ogre


Message History

The tengu warrior is knocked back by the mystic blast.
The tengu warrior slams into the rock wall!
The tengu warrior is heavily wounded.
Your fulminant prism crackles loudly.
The tengu warrior hits you with a +2 great sword!
The tengu warrior pecks you but does no damage.
The tengu warrior misses you.
Casting: Iskenderun's Mystic Blast (safe; 1% risk of failure)
Confirm with . or Enter, or press ? or * to list all spells.
You feel a surge of power!
You erupt in a blast of force!
The mystic blast hits the tengu warrior!
The tengu warrior is heavily wounded.
The tengu warrior is knocked back by the mystic blast.
The tengu warrior slams into the rock wall!
The tengu warrior is severely wounded.
Your fulminant prism explodes!
The blast of energy engulfs the tengu warrior!!
The tengu warrior is almost dead.
Casting: Iskenderun's Mystic Blast (safe; 1% risk of failure)
Confirm with . or Enter, or press ? or * to list all spells.
Aiming: Searing Ray (safe; 0% risk of failure)
Press: ? - help, Shift-Dir - straight line You feel a surge of power!
The searing ray misses the tengu warrior. (Press . to maintain the ray.)
The tengu warrior hits you with a +2 great sword!!
The tengu warrior pecks you but does no damage.
The tengu warrior claws you.
* * * LOW HITPOINT WARNING * * *
The searing ray hits the tengu warrior.
The tengu warrior is almost dead.
The tengu warrior hits you with a +2 great sword!!
* * * LOW HITPOINT WARNING * * *
The tengu warrior completely misses you.
You block the tengu warrior's attack.
You feel much better.
The tengu warrior hits you with a +2 great sword!!
* * * LOW HITPOINT WARNING * * *
The tengu warrior pecks you.
You die...

.⌠.⌠.#......#.#
..............#
.....#........#
.._...........#####
.Q...#.....###....#
......#.#.#.#..#
⌠.#.Q...+.#....###
.....)..#.######.#
..#..Q..#....@...#
........#....Q...#
..#.....####)#####
......... .....
.....##..##.....
..... ... ........
#########


You could see a tengu warrior.

Vanquished Creatures
  An ogre mage (D:10)
  A hydra (D:10)
  A centaur warrior (D:13)
  4 two-headed ogres
  A deep elf pyromancer (D:12)
  A cyclops (D:11)
  A kobold demonologist (D:12)
  A komodo dragon (D:11)
  A queen bee (D:11)
  2 trolls
  A hornet (D:8)
  Prince Ribbit (D:6)
  2 polar bears (D:11)
  3 dream sheep (Lair:1)
  A shadow (D:6)
  3 wyverns
  A wraith (D:11)
  A vampire (D:11)
  A basilisk (Lair:1)
  9 yaks
  A steam dragon (D:9)
  3 acid dragons
  3 water moccasins
  3 orc warriors
  2 ice beasts
  3 black bears
  2 sky beasts
  An ogre (D:5)
  8 centaurs
  A phantom (D:5)
  3 kobold brigands (D:12)
  5 bullfrogs
  2 gnoll sergeants
  2 scorpions
  3 wights (D:6)
  41 killer bees
  7 howler monkeys
  5 electric eels (D:10)
  5 hounds
  5 orc priests
  2 human zombies (Ossuary)
  4 jellies
  2 iguanas
  10 orc wizards
  4 mummies (Ossuary)
  7 gnolls
  6 adders
  A river rat (D:4)
  A white imp (D:5)
  4 ufetubi
  3 worms
  42 orcs
  9 endoplasms
  4 giant cockroaches
  3 gnoll zombies (Ossuary)
  9 goblins
  3 hobgoblins
  5 kobolds
  7 quokkas
  10 ball pythons
  5 bats
  3 frilled lizards
  A goblin zombie (Ossuary)
  A hobgoblin zombie (Ossuary)
  A kobold zombie (Ossuary)
  4 rats
293 creatures vanquished.

Vanquished Creatures (others)
  66 fulminant prisms
  3 plants
69 creatures vanquished.

Grand Total: 362 creatures vanquished

Notes
Turn   | Place    | Note
-------+----------+-------------------------------------------
     0 | D:1      | Wolfram the Deep Elf Conjurer began the quest for the Orb.
     0 | D:1      | Reached XP level 1. HP: 10/10 MP: 6/6
   322 | D:1      | Reached XP level 2. HP: 14/15 MP: 1/8
  1323 | D:2      | Reached skill level 4 in Spellcasting
  1372 | D:2      | Reached skill level 5 in Conjurations
  1372 | D:2      | Reached XP level 3. HP: 19/19 MP: 7/10
  1608 | D:2      | Found a sacrificial altar of Ru.
  2233 | D:3      | Learned a level 2 spell: Searing Ray
  2237 | D:3      | Learned a level 3 spell: Dazzling Flash
  2507 | D:3      | Reached XP level 4. HP: 24/24 MP: 6/12
  2629 | D:3      | Reached skill level 5 in Spellcasting
  3333 | D:4      | Noticed a bullfrog
  3339 | D:4      | Killed a bullfrog
  3340 | D:4      | Reached XP level 5. HP: 25/28 MP: 6/15
  3404 | D:4      | Learned a level 4 spell: Fulminant Prism
  3409 | D:4      | Learned a level 4 spell: Iskenderun's Mystic Blast
  3536 | D:4      | Reached skill level 6 in Spellcasting
  3671 | D:4      | Found a white marble altar of Elyvilon.
  3673 | D:4      | Found a shimmering blue altar of Sif Muna.
  3674 | D:4      | Found a broken altar of Ashenzari.
  3679 | D:4      | Found a basalt altar of Yredelemnul.
  3687 | D:4      | Found a sacrificial altar of Ru.
  3687 | D:4      | Found a shimmering altar of Xom.
  3719 | D:4      | Found a hazy altar of Hepliaklqana.
  3720 | D:4      | Found a radiant altar of Vehumet.
  3725 | D:4      | Became a worshipper of Vehumet
  3763 | D:4      | Found a staircase to the Ecumenical Temple.
  3786 | Temple   | Entered the Ecumenical Temple
  4397 | D:4      | Reached XP level 6. HP: 32/32 MP: 10/17
  4569 | D:5      | Entered Level 5 of the Dungeon
  4823 | D:5      | Reached skill level 7 in Spellcasting
  5060 | D:5      | Reached XP level 7. HP: 36/36 MP: 13/20
  5184 | D:5      | Reached skill level 8 in Spellcasting
  5530 | D:5      | Reached * piety under Vehumet
  5530 | D:5      | Offered knowledge of Foxfire by Vehumet.
  5771 | D:6      | Reached skill level 1 in Fighting
  5952 | D:6      | Reached XP level 8. HP: 43/43 MP: 12/22
  6202 | D:6      | Found Roklydgho's Antique Armour Shop.
  6210 | D:6      | Bought a glowing robe for 81 gold pieces
  6315 | D:6      | Noticed Edmund
  6450 | D:6      | Noticed Prince Ribbit
  6462 | D:6      | Killed Prince Ribbit
  6463 | D:6      | Reached skill level 9 in Spellcasting
  6776 | D:7      | Found an ancient bone altar of Kikubaaqudgha.
  6807 | D:7      | HP: 2/45 [something (17)]
  6814 | D:6      | Reached skill level 5 in Dodging
  7005 | D:7      | Reached XP level 9. HP: 51/51 MP: 15/24
  7035 | D:7      | Found a sand-covered staircase.
  7046 | Ossuary  | Entered an ossuary
  7638 | D:7      | Reached skill level 10 in Spellcasting
  7734 | D:7      | Learned a level 1 spell: Apportation
  7992 | D:7      | Offered knowledge of Scorch by Vehumet.
  8001 | D:7      | Reached ** piety under Vehumet
  8337 | D:8      | Reached skill level 1 in Shields
  9286 | D:9      | Offered knowledge of Static Discharge by Vehumet.
  9488 | D:9      | Found Fucy's Weapon Shoppe.
  9499 | D:9      | Bought a throwing net for 45 gold pieces
  9523 | D:9      | Noticed a two-headed ogre
  9598 | D:9      | Reached skill level 11 in Spellcasting
  9598 | D:9      | Reached skill level 10 in Conjurations
  9598 | D:9      | Reached XP level 10. HP: 17/58 MP: 15/27
  9893 | D:9      | Killed a two-headed ogre
 10561 | D:10     | Entered Level 10 of the Dungeon
 10566 | D:10     | Noticed an ogre mage
 10780 | D:10     | Reached skill level 5 in Fighting
 10980 | D:10     | Found Tarhunz's Dragon-Slaying Spoils.
 11095 | D:10     | Found a blossoming altar of Fedhas.
 11667 | D:10     | Killed an ogre mage
 11850 | D:10     | Reached *** piety under Vehumet
 12075 | D:10     | Noticed a six-headed hydra
 12084 | D:10     | Killed a six-headed hydra
 12085 | D:10     | Reached skill level 12 in Spellcasting
 12599 | D:11     | Reached XP level 11. HP: 64/64 MP: 21/29
 12834 | D:11     | Offered knowledge of Inner Flame by Vehumet.
 13433 | D:11     | Found a staircase to the Orcish Mines.
 13608 | D:11     | Reached **** piety under Vehumet
 13701 | D:11     | Found a staircase to the Lair.
 13753 | D:11     | Noticed a two-headed ogre
 13764 | D:11     | Killed a two-headed ogre
 14301 | Lair:1   | Entered Level 1 of the Lair of Beasts
 14383 | Lair:1   | Reached skill level 5 in Shields
 14471 | Lair:1   | Noticed a catoblepas
 14678 | Lair:1   | Reached skill level 13 in Spellcasting
 14683 | Lair:1   | Offered knowledge of Flame Wave by Vehumet.
 14692 | Lair:1   | Reached skill level 10 in Dodging
 14890 | D:12     | Noticed a deep elf pyromancer
 14893 | D:12     | Killed a deep elf pyromancer
 15175 | D:12     | Identified the ring of Pooforil {Fly rF+}
 15262 | D:12     | Found a huge runed translucent gate.
 15262 | D:12     | Found a huge runed translucent gate.
 15262 | D:12     | Found a huge runed translucent gate.
 15262 | D:12     | Found a huge runed translucent gate.
 15499 | D:12     | Noticed a two-headed ogre
 15505 | D:12     | Killed a two-headed ogre
 15986 | D:13     | Noticed a centaur warrior
 15995 | D:13     | Killed a centaur warrior
 15996 | D:13     | Reached XP level 12. HP: 53/72 MP: 20/31
 16088 | D:13     | Found a white marble altar of Elyvilon.
 16089 | D:13     | Noticed a tengu warrior
 16113 | D:13     | Noticed a two-headed ogre
 16127 | D:13     | Killed a two-headed ogre
 16136 | D:13     | Noticed a tengu warrior
 16149 | D:13     | HP: 2/72 [tengu warrior/+2 great sword (23)]
 16150 | D:13     | Slain by a tengu warrior

Illustrated notes

Levels and vault maps discovered:
D:1:      dpeg_arrival_pond, layout_basic, minmay_misc_feat_nine_boxes,
          minmay_pentomino_w4
D:2:      layout_loops_corners, basic_altar, kennysheep_potato
D:3:      layout_basic
D:4:      layout_cave_pools, nicolae_overflow_hallway_of_the_gods,
          minmay_temple_entry_overgrown, gup_sewer_entry_spiral
D:5:      layout_loops_ring, minmay_misc_feat_x, roderic_roman_lattice
D:6:      minmay_chambers_of_threes, layout_basic, serial_shops, shop,
          feat_on_display, uniq_prince_ribbit1, uniq_edmund
D:7:      layout_loops_ring, lemuel_doored_altar, chequers_ossuary_entry_cave
D:8:      layout_basic
D:9:      layout_loops_corners, serial_shops,
          nicolae_shop_temple_entry_statues_fountains, kennysheep_dice
D:10:     layout_basic, fedhas_ov_isle_minmay, kennysheep_crisscross,
          minmay_misc_feat_tiny, hangedman_decor_peaks_small,
          nicolae_shop_dragon_depot, minivault_20
D:11:     layout_long_grid, lair_entry_dummy, hiddenorc1_lemuel, special_room
          [special_room_bee]
D:12:     lemuel_bear_cage, layout_gridville
D:13:     gammafunk_mikee_crab_dinner, layout_stronghold, elyvilon_altar_5,
          uniq_josephine
Temple:   hc_temple_tempest_star
Lair:1:   layout_cave_shapes, beast_lair_carwin_11

Skill      XL: |  1  2  3  4  5  6  7  8  9 10 11 |
---------------+----------------------------------+-----
Spellcasting   | 4 5 6 7 8 9 11 12 13 | 13.8
Conjurations   | 5 6 7 8 9 10 12 | 12.3
Dodging        | 3 5 7 8 10 | 10.0
Fighting       | 1 3 4 5 7 |  7.3
Shields        | 2 4 5 |  5.0
Stealth        | |  2.4

Action                     |  1- 3 |  4- 6 |  7- 9 | 10-12 || total
---------------------------+-------+-------+-------+-------++-------
  Melee: Staff             |       |       |       |     4 ||     4
   Cast: Magic Dart        |    78 |    69 |    74 |   129 ||   350
         Searing Ray       |     1 |    19 |    72 |    38 ||   130
         Dazzling Flash    |       |       |     6 |     7 ||    13
         Fulminant Prism   |       |       |     4 |    62 ||    66
         Iskenderun's Myst |       |       |       |    22 ||    22
  Evoke: Wand              |       |       |     4 |     2 ||     6
    Use: Scroll            |     2 |     8 |     4 |    11 ||    25
         Potion            |       |       |     4 |     4 ||     8
 Armour: Robe              |     1 |       |     9 |    33 ||    43
         Leather armour    |       |     3 |     4 |       ||     7
         Skin              |       |       |     1 |       ||     1
  Dodge: Dodged            |     5 |     6 |    80 |    99 ||   190
  Block: Buckler           |       |       |     3 |    54 ||    57
         Reflection        |       |       |       |     8 ||     8

Table legend: (Time is in decaauts)
 A = Elapsed time spent in this place.
 B = Non-inter-level travel time spent in this place.
 C = Inter-level travel time spent in this place.
 D = Time resting spent in this place.
 E = Time spent auto-exploring this place.
 F = Levels seen in this place.
 G = Mean time per level.
                   A        B        C        D        E       F      G
               +--------+--------+--------+--------+--------+-----+--------+
         Total |  16205 |  15367 |    838 |   3266 |  10012 |  16 | 1012.8 |
       Dungeon |  15357 |  14534 |    823 |   3101 |   9558 |  13 | 1181.3 |
        Temple |    283 |    269 |     14 |     83 |    178 |   1 |  283.0 |
          Lair |     81 |     81 |      0 |      0 |      0 |   1 |   81.0 |
       Ossuary |    482 |    482 |      0 |     82 |    276 |   1 |  482.0 |
               +--------+--------+--------+--------+--------+-----+--------+

Top non-repeatable levels by time:
    D:11: 2043 daAuts
     D:9: 1899 daAuts
    D:10: 1757 daAuts
     D:1: 1262 daAuts
     D:5: 1197 daAuts
     D:3: 1085 daAuts
     D:6: 1083 daAuts
     D:4: 1033 daAuts
    D:12: 957 daAuts
     D:7: 944 daAuts
     D:2: 941 daAuts
     D:8: 934 daAuts
 Ossuary: 482 daAuts
  Temple: 283 daAuts
    D:13: 217 daAuts
